 Dungeon Crawl Stone Soup version 0.31.0-1-g2c135a008e (webtiles) character file.

Game seed: 15531168038960976196

166 qw the Shooter (level 5, -13/40 HPs)
             Began as a Djinni Hunter on Jan 23, 2024.
             Killed from afar by Dowan (15 damage)
             ... with a puff of frost
             ... on level 4 of the Dungeon.
             The game lasted 00:00:11 (2370 turns).

qw the Shooter (Djinni Hunter)                      Turns: 2370, Time: 00:00:11

Health: -13/40     AC:  5    Str: 10    XL:     5   Next: 76%
Gold:   156        EV: 11    Int: 11    God:
                   SH:  0    Dex: 18

rFire   + + .        g - +0 arbalest
rCold   x . .        (shield currently unavailable)
rNeg    . . .        d - +0 ring mail
rPois   inf          (no helmet)
rElec   .            (no cloak)
rCorr   .            (no gloves)
SInv    .            (boots unavailable)
Will    .....        (no amulet)
Stlth   +            (no ring)
HPRegen 0.26/turn    (no ring)
MPRegen 0.00/turn

%: infuse magic (-14 HP)
@: flying
A: sickness immunity, fire resistance 2, cold vulnerability 1, float, innate
caster, HP casting, extra vitality 1
a: no special abilities


You were on level 4 of the Dungeon.
You visited 1 branch of the dungeon, and saw 4 of its levels.
You also visited: Sewer.

You collected 156 gold pieces.


Innate Abilities, Weirdness & Mutations

You are immune to sickness and miasma.
You are immune to poison.
Your flesh is very heat resistant. (rF++)
You are vulnerable to cold. (rC-)
You float through the air rather than walking.
You learn spells naturally, not from books.
Your magical power is your life essence.
You have superior vitality. (+4 MHP)


   Skills:
 - Level 3.0 Fighting
 + Level 4.9 Ranged Weapons
 - Level 1.0 Armour
 - Level 2.1 Dodging
 - Level 0.7 Stealth


You knew the following spells:

 Your Spells              Type           Power      Damage    Failure   Level
a - Foxfire               Conj/Fire      0%         2x1d4     65%         1
b - Static Discharge      Conj/Air       0%         3-3/arc   80%         2
Your spell library was empty.

Inventory:

Hand Weapons
 g - a +0 arbalest (weapon)
Armour
 d - a +0 ring mail (worn)
Wands
 a - a wand of iceblast (10)
 j - a wand of mindburst (6) (quivered)
Scrolls
 i - a scroll of teleportation
Potions
 b - a potion of invisibility {unknown}
 c - a potion of resistance {unknown}
 e - a potion of attraction {unknown}
 f - a potion of heal wounds

Dungeon Overview and Level Annotations

Branches:
Dungeon (4/15)             Temple (0/1) D:4           Sewer (visited)

Altars:

Shops:
D:2 (

Annotations:
D:4 Dowan, Duvessa


Message History

Duvessa's mind is blasted!
Dowan casts a spell.
Dowan blinks!
2365 ||| ZAPPING wand of mindburst (12) at 3,-3 (Duvessa; floor).
Aiming: Mindburst
Press: ? - help, Q - select action, (/) - cycle Shift-Dir - straight line, f/p - Duvessa Duvessa resists with some effort.
2366 ||| ZAPPING wand of mindburst (11) at 2,-2 (Duvessa; floor).
Aiming: Mindburst
Press: ? - help, Q - select action, (/) - cycle Shift-Dir - straight line, f/p - Duvessa Duvessa's mind is blasted!
2367 ||| ZAPPING wand of mindburst (10) at 1,-1 (Duvessa; floor).
Aiming: Mindburst
Press: ? - help, Q - select action, (/) - cycle Shift-Dir - straight line, f/p - Duvessa Duvessa resists with some effort.
Duvessa closely misses you.
Dowan throws and catches a handful of magical flame, then smirks.
Dowan closely misses you.
2368 ||| ZAPPING wand of mindburst (9) at 1,-1 (Duvessa; floor).
Aiming: Mindburst
Press: ? - help, Q - select action, (/) - cycle Shift-Dir - straight line, f/p - Duvessa Duvessa's mind is blasted!
Duvessa hits you with a +2 rapier of speed!
Dowan hits you with a +0 dagger.
Duvessa hits you with a +2 rapier of speed!
2369 ||| ZAPPING wand of mindburst (8) at 1,-1 (Duvessa; floor).
Aiming: Mindburst
Press: ? - help, Q - select action, (/) - cycle Shift-Dir - straight line, f/p - Duvessa Duvessa resists with some effort.
Dowan says, "My weaknesses are her strengths!"
Dowan closely misses you.
Duvessa hits you with a +2 rapier of speed!
2370 ||| ZAPPING wand of mindburst (7) at 1,-1 (Duvessa; floor).
Aiming: Mindburst
Press: ? - help, Q - select action, (/) - cycle Shift-Dir - straight line, f/p - Duvessa Duvessa resists with some effort.
Duvessa hits you with a +2 rapier of speed!
Dowan points at you and mumbles some strange words.
The puff of frost hits you!
You feel a terrible chill!
You die...

#..........
#.#.#.#.#.# #
#.......... #.
#.#.......#
#.##..........
#..#.#...>...#
#$#...e......
#..%#@e.....#
#.#..........
#...#.#.#.#.#
#............
#..###..#..##
#..# #....#
#..# ###.#
#..# #.# #..#
#<#


You could see Duvessa and Dowan.

Vanquished Creatures
  A kobold brigand (Sewer)
  2 adders
  2 ribbon worms (D:2)
  An orc (D:3)
  4 bats
  6 endoplasms
  7 giant cockroaches
  3 goblins
  6 hobgoblins
  20 kobolds
  2 quokkas
  8 ball pythons
  3 frilled lizards
  6 rats
71 creatures vanquished.

Notes
Turn   | Place    | Note
-------+----------+-------------------------------------------
     0 | D:1      | qw the Djinni Hunter began the quest for the Orb.
     0 | D:1      | Reached XP level 1. HP: 18/18 MP: 0/0
     0 | D:1      | 0 ||| qw: Version: 0.3-a-135-gb77e89d
     0 | D:1      | 0 ||| qw: Game counter: 948
     0 | D:1      | 0 ||| qw: Melee chars always use a shield: true
     0 | D:1      | 0 ||| qw: God list: Okawaru
     0 | D:1      | 0 ||| qw: Allow faded altars: false
     0 | D:1      | 0 ||| qw: Do Orc after clearing Dungeon:15 true
     0 | D:1      | 0 ||| qw: Do second Lair branch before Depths: true
     0 | D:1      | 0 ||| qw: Lair rune preference: random
     0 | D:1      | 0 ||| qw: Goals: Normal
     0 | D:1      | 0 ||| PLANNING D:1-11
    87 | D:1      | Reached XP level 2. HP: 23/23 MP: 0/0
   391 | D:1      | Reached XP level 3. HP: 28/28 MP: 0/0
   391 | D:1      | Learned a level 1 spell: Foxfire
   529 | D:1      | 529 ||| UPGRADING to +0 ring mail.
   539 | D:1      | 539 ||| DROPPING +0 leather armour.
   540 | D:1      | 540 ||| READING scroll labelled DIOCWA UTANAOC.
   541 | D:1      | 541 ||| READING scroll labelled VEMPOP ZOMACZU.
   542 | D:1      | 542 ||| READING 3 scrolls labelled CUSTRY QAQOAMM.
   542 | D:1      | 542 ||| ENCHANTING +0 shortbow.
   543 | D:1      | 543 ||| READING 2 scrolls of enchant weapon.
   543 | D:1      | 543 ||| ENCHANTING +1 shortbow.
   544 | D:1      | 544 ||| READING scroll of enchant weapon.
   544 | D:1      | 544 ||| ENCHANTING +2 shortbow.
   545 | D:1      | 545 ||| READING scroll labelled NEMIKHL PITAT.
   545 | D:1      | 545 ||| IDENTIFYING scroll labelled UCEORA HIFABUI
   546 | D:1      | 546 ||| READING scroll labelled YSIOTSUSTRU.
   547 | D:1      | 547 ||| DROPPING scroll of butterflies.
   548 | D:1      | 548 ||| DROPPING scroll of amnesia.
   599 | D:2      | Reached skill level 4 in Ranged Weapons
   621 | D:2      | Reached skill level 1 in Armour
   938 | D:2      | Found Rejecetec's Weapon Shoppe.
   977 | D:2      | 977 ||| READING scroll labelled DOAN UB AGHEIROI.
   996 | D:3      | 996 ||| PLANNING SEWER
   997 | D:3      | Reached XP level 4. HP: 34/34 MP: 0/0
  1163 | D:3      | Found a glowing drain.
  1164 | D:3      | 1164 ||| READING scroll of identify.
  1164 | D:3      | 1164 ||| IDENTIFYING amethyst potion
  1165 | D:3      | 1165 ||| DROPPING potion of brilliance.
  1176 | Sewer    | Entered a sewer
  1190 | Sewer    | Reached skill level 3 in Fighting
  1368 | Sewer    | Noticed a kobold brigand
  1375 | Sewer    | Killed a kobold brigand
  1376 | Sewer    | Reached XP level 5. HP: 15/40 MP: 0/0
  1376 | Sewer    | Learned a level 2 spell: Static Discharge
  1481 | Sewer    | 1481 ||| READING scroll of enchant weapon.
  1481 | Sewer    | 1481 ||| ENCHANTING +3 shortbow.
  1541 | Sewer    | 1541 ||| READING scroll labelled WIDGHA JUESE.
  1556 | D:3      | 1556 ||| PLANNING D:1-11
  1597 | D:3      | 1597 ||| SWAPPING to +0 arbalest.
  1598 | D:3      | 1598 ||| DROPPING +4 shortbow.
  1984 | D:3      | Identified the staff of Vehumet's Reproof {rElec Str+8
                  | Int-5 Necro Fire Air}
  2017 | D:3      | 2017 ||| READING scroll labelled WIRHEUPORCH.
  2253 | D:4      | 2253 ||| READING scroll labelled RAEBO HIUSAST.
  2326 | D:4      | 2326 ||| READING 2 scrolls labelled MOGGAMATIU.
  2327 | D:4      | 2327 ||| DRINKING 2 fuming brown potions.
  2328 | D:4      | 2328 ||| DROPPING scroll of summoning.
  2355 | D:4      | Found a staircase to the Ecumenical Temple.
  2356 | D:4      | 2356 ||| PLANNING TEMPLE
  2361 | D:4      | Noticed Duvessa
  2362 | D:4      | Noticed Dowan
  2363 | D:4      | 2363 ||| ZAPPING wand of mindburst (14) at 3,-5 (Duvessa;
                  | floor).
  2364 | D:4      | 2364 ||| ZAPPING wand of mindburst (13) at 3,-4 (Duvessa;
                  | floor).
  2365 | D:4      | 2365 ||| ZAPPING wand of mindburst (12) at 3,-3 (Duvessa;
                  | floor).
  2366 | D:4      | 2366 ||| ZAPPING wand of mindburst (11) at 2,-2 (Duvessa;
                  | floor).
  2367 | D:4      | 2367 ||| ZAPPING wand of mindburst (10) at 1,-1 (Duvessa;
                  | floor).
  2368 | D:4      | 2368 ||| ZAPPING wand of mindburst (9) at 1,-1 (Duvessa;
                  | floor).
  2369 | D:4      | 2369 ||| ZAPPING wand of mindburst (8) at 1,-1 (Duvessa;
                  | floor).
  2370 | D:4      | 2370 ||| ZAPPING wand of mindburst (7) at 1,-1 (Duvessa;
                  | floor).
  2370 | D:4      | HP: 2/40 [Duvessa/+2 rapier of speed (10)]
  2370 | D:4      | Killed from afar by Dowan

Levels and vault maps discovered:
D:1:      dpeg_arrival_fog, layout_basic
D:2:      layout_rooms, serial_shops, nicolae_shop_hallway_stairs, basic_altar,
          hangedman_decor_lopped
D:3:      layout_rooms, portal_sewer_entry_a, serial_co_window_serial,
          co_window_cross_1, co_window_paths_b, co_window_corner_a,
          co_window_paths_a, co_window_paths_b, co_window_corner_cb,
          co_window_cross_2, co_window_broadway_a, co_window_of_opportunity_b,
          co_window_paths_e, glass_columns_b
D:4:      layout_loops_ring, minmay_temple_entry_glass, grunt_tough_drop,
          uniq_duvessa, uniq_crazy_yiuf_cottage

Skill      XL: |  1  2  3  4 |
---------------+-------------+-----
Ranged Weapons | 4 |  4.9
Armour         | 1 |  1.0
Fighting       | 3 |  3.0
Dodging        | |  2.1
Stealth        | |  0.7

Action                     |  1- 3 |  4- 6 || total
---------------------------+-------+-------++-------
   Fire: Shortbow          |    82 |    78 ||   160
         Arbalest          |       |     6 ||     6
  Evoke: Wand              |       |     8 ||     8
    Use: Scroll            |     8 |     6 ||    14
         Potion            |       |     1 ||     1
 Armour: Leather armour    |     5 |       ||     5
         Ring mail         |     9 |    37 ||    46
  Dodge: Dodged            |     9 |    49 ||    58

Table legend:
 A = Non-vault XP
 B = Vault XP
 C = Vault XP percentage of total XP
 D = Non-vault monster count
 E = Vault monster count
 F = Vault count percentage of total count
                 A         B        C        D         E       F
            +---------+---------+-------+---------+---------+-------
      Total |      90 |     148 |  62.2 |      42 |      29 |  40.8
            +---------+---------+-------+---------+---------+-------
        D:1 |      29 |       0 |   0.0 |      17 |       0 |   0.0
        D:2 |      39 |       0 |   0.0 |      13 |       0 |   0.0
        D:3 |      16 |       7 |  30.4 |       9 |       4 |  30.8
        D:4 |       6 |       0 |   0.0 |       3 |       0 |   0.0
      Sewer |       0 |     141 | 100.0 |       0 |      25 | 100.0
            +---------+---------+-------+---------+---------+-------
